 Dungeon Crawl Stone Soup version 0.28-a0-1624-g820543e53a (webtiles) character file.

Game seed: 3119400191925768135

31504 agentchuck the Fighter (level 13, 0/108 HPs)
             Began as a Human Hunter on Jan 21, 2022.
             Was an Initiate of Gozag.
             Slain by an eight-headed hydra (1 damage)
             ... on level 5 of the Lair of Beasts on Jan 24, 2022.
             The game lasted 01:40:55 (31699 turns).

agentchuck the Fighter (Human Hunter)              Turns: 31699, Time: 01:40:56

Health: 0/108      AC: 23    Str: 17    XL:     13   Next: 96%
Magic:  0/13       EV: 12    Int: 15    God:    Gozag
Gold:   2936       SH:  0    Dex: 13    Spells: 12/12 levels left

rFire   . . .      SeeInvis .   r - +5 dire flail {don't train}
rCold   . . .      Faith    .   (shield currently unavailable)
rNeg    . . .      Spirit   +   T - +0 plate armour
rPois   +          Reflect  .   X - +2 hat of the Bear Spirit {Spirit, *Rage Will++}
rElec   +          Harm     .   I - +1 cloak
rCorr   .          Rampage  .   W - +2 pair of gloves of Pinu {Int+2}
Will    ++...      Rage     20% (no boots)
Stlth   ..........              (no amulet)
HPRegen 0.28/turn               E - +4 ring of evasion
MPRegen 0.13/turn               P - ring of Seps {rElec rPois Stlth+}

@: no status effects
A: no striking features
a: Renounce Religion, Potion Petition, Call Merchant, Bribe Branch


You were on level 5 of the Lair of Beasts.
You worshipped Gozag.
Gozag was most pleased with you.
You visited 3 branches of the dungeon, and saw 17 of its levels.

You collected 3036 gold pieces.
You paid 100 gold pieces to Gozag.


   Skills:
 + Level 12.0 Fighting
 + Level 10.1 Staves
 - Level 7.3 Slings
 + Level 11.5 Armour
 + Level 8.1 Dodging
 - Level 1.0 Stealth
 + Level 7.9 Evocations


You had 12 spell levels left.
You didn't know any spells.
Your spell library contained the following spells:

 Spells                   Type           Power      Damage    Failure   Level
 Magic Dart               Conj           0%         1d3       99%         1
 Searing Ray              Conj           0%         2d4       100%        2
 Dazzling Flash           Conj/Hex       0%         N/A       100%        3
 Frozen Ramparts          Ice            0%         1d2       100%        3
 Inner Flame              Hex/Fire       0%         N/A       100%        3
 Ozocubu's Armour         Ice            0%         N/A       100%        3
 Stone Arrow              Conj/Erth      0%         3d7       100%        3
 Animate Armour           Summ/Erth      0%         N/A       100%        4
 Cause Fear               Hex            0%         N/A       100%        4
 Fulminant Prism          Conj/Hex       0%         3d6       100%        4
 Ice Form                 Ice/Tmut       0%         N/A       100%        4
 Summon Ice Beast         Ice/Summ       0%         N/A       100%        4
 Agony                    Necr           0%         N/A       100%        5
 Fireball                 Conj/Fire      0%         3d3       100%        5
 Freezing Cloud           Conj/Ice/Air   0%         6-21      100%        5
 Iskenderun's Battlesphe  Conj           0%         2d6       100%        5
 Silence                  Hex/Air        0%         N/A       100%        5
 Conjure Ball Lightning   Conj/Air       0%         3x3d6     100%        6
 Simulacrum               Ice/Necr       0%         N/A       100%        6
 Orb of Destruction       Conj           0%         9d5       100%        7
 Ozocubu's Refrigeration  Ice            0%         4d5       100%        7
 Discord                  Hex            0%         N/A       100%        8
 Disjunction              Tloc           0%         N/A       100%        8
 Lehudib's Crystal Spear  Conj/Erth      0%         10d2      100%        8
 Polar Vortex             Ice            0%         N/A       100%        9

Inventory:

Hand Weapons
 a - a +2 dire flail of holy wrath {don't train}
 e - a +1 hunting sling of flaming
 q - a +2 dagger of venom {don't train}
 r - a +5 dire flail (weapon) {don't train}
 w - a +2 short sword of holy wrath {don't train}
Missiles
 b - 484 stones {don't train}
 d - 18 sling bullets
 k - 3 silver boomerangs {don't train}
 l - 2 throwing nets {don't train=f}
 m - 41 poisoned darts (quivered) {don't train}
 z - 9 boomerangs {don't train}
Armour
 p - a +1 helmet
 t - a +0 scale mail
 D - a +0 chain mail
 I - a +1 cloak (worn)
 T - a +0 plate armour (worn)
 W - the +2 pair of gloves of Pinu (worn) {Int+2}
   (You found it on level 1 of the Lair of Beasts)

   Int:       It affects your intelligence (+2).
 X - the +2 hat of the Bear Spirit (worn) {Spirit, *Rage Will++}
   (You found it on level 5 of the Lair of Beasts)

   Going berserk makes the wearer tougher, and they're slowed less afterward.
   *Rage:     It berserks you when you make melee attacks (+20% chance).
   Will:      It greatly increases your willpower.
Magical Staves
 s - a staff of fire
Jewellery
 C - a ring of protection from cold
 E - a +4 ring of evasion (left hand)
 M - a ring of willpower
 P - the ring of Seps (right hand) {rElec rPois Stlth+}
   (You acquired it on level 7 of the Dungeon)

   [ring of poison resistance]

   rElec:     It insulates you from electricity.
   rPois:     It protects you from poison.
   Stlth:     It makes you more stealthy.
 Y - a +4 ring of slaying
Wands
 Q - a wand of flame (13)
 U - a wand of paralysis (2)
Scrolls
 f - a scroll of immolation {!r}
 g - 6 scrolls of teleportation {@r4}
 h - a scroll of amnesia {unknown}
 i - a scroll of torment {unknown}
 x - a scroll of silence {!r}
 y - 3 scrolls of fog
 B - a scroll of vulnerability {!r}
 F - 2 scrolls of summoning
 G - 3 scrolls of blinking
 L - 4 scrolls of magic mapping
 V - a scroll of holy word {unknown}
 Z - a scroll of brand weapon
Potions
 j - 3 potions of curing {@q1}
 o - a potion of haste {unknown}
 u - a potion of magic {unknown}
 v - a potion of attraction {unknown}
 A - 4 potions of lignification {!q}
 H - 6 potions of heal wounds {unknown}
 J - a potion of resistance
 K - 2 potions of berserk rage {!q}
 N - 2 potions of invisibility
 O - 2 potions of might {unknown}
 R - 2 potions of ambrosia {unknown}
 S - a potion of brilliance {unknown}
Miscellaneous
 c - a box of beasts (inert)
 n - a phial of floods (inert)

Dungeon Overview and Level Annotations

Branches:
Dungeon (11/15)            Temple (1/1) D:6            Lair (5/6) D:10
  Swamp (0/4) Lair:2        Snake (0/4) Lair:2
  Slime: Lair:5-6       Orc: D:9-12

Altars:
Ashenzari
Elyvilon
Fedhas
Gozag
Makhleb
Nemelex Xobeh
Okawaru
Qazlal
Ru
Sif Muna
Xom
Beogh

Shops:
D:10

:
.........##.#.......#
........##..........#
........#.<##......##
...................##
........#...#.......#
##P..#.#######...+.##
#..#### ####..####
##. #.#....#.# .
####..@P..# .
#.....D..## ..
#.##...(...#
#.....(..#
...#....(.##
#..+.......#
#..........#
##.##..((.# ##
###...#


You could see an eight-headed hydra.


Message History

* * * LOW HITPOINT WARNING * * *
The eight-headed hydra bites you.
* * * LOW HITPOINT WARNING * * *
The eight-headed hydra barely misses you.
The eight-headed hydra misses you.
You impale the eight-headed hydra!!
The eight-headed hydra is severely wounded.
The eight-headed hydra barely misses you.
The eight-headed hydra bites you!
* * * LOW HITPOINT WARNING * * *
The eight-headed hydra bites you!
* * * LOW HITPOINT WARNING * * *
The eight-headed hydra bites you but does no damage. x3
The eight-headed hydra bites you!
* * * LOW HITPOINT WARNING * * *
The eight-headed hydra misses you.
You impale the eight-headed hydra!!
The eight-headed hydra is almost dead.
The eight-headed hydra bites you but does no damage. x2
The eight-headed hydra bites you.
* * * LOW HITPOINT WARNING * * *
The eight-headed hydra bites you.
* * * LOW HITPOINT WARNING * * *
The eight-headed hydra bites you!
* * * LOW HITPOINT WARNING * * *
The eight-headed hydra misses you.
The eight-headed hydra bites you but does no damage.
The eight-headed hydra bites you.
You die...
Your body crumbles into a pile of gold.

Skill      XL: |  1  2  3  4  5  6  7  8  9 10 11 12 13 |
---------------+----------------------------------------+-----
Staves         | 1 3 5 7 8 10 | 10.1
Fighting       | 3 4 5 6 7 8 9 10 12 | 12.0
Armour         | 1 2 3 4 5 6 7 9 10 11 | 11.5
Slings         | 5 6 7 |  7.3
Dodging        | 3 4 6 8 |  8.1
Evocations     | 2 4 6 7 |  7.9
Stealth        | |  1.0

Action                   |  1- 3 |  4- 6 |  7- 9 | 10-12 | 13-15 || total
-------------------------+-------+-------+-------+-------+-------++-------
Melee: Short sword       |    69 |    81 |   144 |    79 |       ||   373
       Staff             |    11 |       |       |    13 |       ||    24
       Punch             |       |     1 |     1 |    10 |       ||    12
       Dagger            |       |       |   164 |   162 |       ||   326
       Falchion          |       |       |     2 |       |       ||     2
       Flail             |       |       |     5 |    55 |       ||    60
       Dire flail        |       |       |       |   298 |   329 ||   627
 Fire: Hunting sling     |    35 |    94 |   183 |   345 |    32 ||   689
Throw: Dart              |       |     5 |    16 |    54 |       ||    75
       Throwing net      |       |       |       |       |     2 ||     2
Evoke: Wand              |       |       |     1 |    42 |     7 ||    50
       Box of beasts     |       |       |       |       |     1 ||     1
       Phial of floods   |       |       |       |       |     1 ||     1
  Use: Scroll            |       |       |    10 |    12 |     1 ||    23
       Potion            |       |       |     2 |     2 |       ||     4
 Stab: Sleeping          |     2 |       |       |       |       ||     2
       Betrayed ally     |       |       |     1 |       |       ||     1
       Paralysed         |       |       |       |    12 |       ||    12
       Distracted        |       |       |       |       |     2 ||     2
Armor: Leather armour    |    17 |     5 |       |       |       ||    22
       Ring mail         |       |    37 |    22 |       |       ||    59
       Chain mail        |       |       |   169 |       |       ||   169
       Scale mail        |       |       |       |   218 |       ||   218
       Plate armour      |       |       |       |   212 |   225 ||   437
Dodge: Dodged            |    35 |    71 |   189 |   462 |   200 ||   957

Levels and vault maps discovered:
D:1:      eino_arrival_cavern_a, layout_loops_ring,
          shapermc_ecumenical_altar_gd, minmay_pentomino_s4
D:2:      minmay_recursive_quarters, layout_rooms
D:3:      layout_rooms, uniq_grinder, uniq_robin
D:4:      layout_basic, uniq_blork_the_orc, uniq_natasha, uniq_ijyb
D:5:      kb_forest_paths, layout_basic, minivault_25
D:6:      layout_basic, minmay_temple_entry_proselytizer, st_stairs_11,
          nicolae_concentric_dashed_squares_mild,
          chequers_serial_rivers_micro_d, minmay_liquid_box
D:7:      layout_rooms, mainiacjoe_overflow_alcove_4, grunt_ministairs_14
D:8:      layout_rooms, old_standard_altar, minivault_12, uniq_pikel
D:9:      layout_irregular_city, nicolae_ru_the_path_less_chosen,
          old_standard_altar
D:10:     layout_roguey, erik_lair_island, serial_shops,
          nicolae_shop_advertising_works [nicolae_subvault_shop_adworks],
          library_closet, minivault_5
D:11:     layout_roguey [special_room_orc], dk_noncrumbling_3
Temple:   mainiacjoe_temple_coin_purse
Lair:1:   lemuel_reptile_caves, layout_cellular_growth,
          chequers_serial_rivers_small_b, grunt_forest_small_clearings,
          grunt_megastairs_2
Lair:2:   layout_regular_city, palyth_hydra_swamp_entry,
          guppyfry_snake_entry_garden, serial_bayou_shore_a, uniq_harold
Lair:3:   layout_cave_pods, beast_lair_carwin_1, infiniplex_staircase_pool
Lair:4:   layout_layer_cave, uniq_kirke, uniq_josephine
Lair:5:   layout_roguey, nicolae_lair_run_with_the_wolves

Notes
Turn   | Place    | Note
-------+----------+-------------------------------------------
     0 | D:1      | agentchuck the Human Hunter began the quest for the Orb.
     0 | D:1      | Reached XP level 1. HP: 16/16 MP: 1/1
   371 | D:1      | Reached XP level 2. HP: 15/22 MP: 2/2
  1047 | D:1      | Reached XP level 3. HP: 28/28 MP: 3/3
  1062 | D:1      | Found a faded altar of an unknown god.
  1282 | D:1      | Reached skill level 1 in Staves
  1627 | D:2      | Reached skill level 3 in Fighting
  1970 | D:2      | Reached XP level 4. HP: 35/35 MP: 4/4
  1991 | D:2      | Reached skill level 1 in Armour
  2689 | D:3      | Noticed Grinder
  2704 | D:2      | Reached XP level 5. HP: 20/41 MP: 5/5
  3772 | D:3      | Noticed Robin
  3779 | D:3      | Killed Robin
  3780 | D:3      | Reached skill level 2 in Armour
  3833 | D:3      | Reached XP level 6. HP: 48/48 MP: 6/6
  3837 | D:3      | Reached skill level 4 in Fighting
  3959 | D:3      | Paralysed by Grinder for 4 turns
  3965 | D:3      | Killed Grinder
  3966 | D:3      | Reached skill level 5 in Slings
  3966 | D:3      | Reached skill level 3 in Armour
  3966 | D:3      | Reached XP level 7. HP: 31/55 MP: 7/7
  4596 | D:4      | Noticed Natasha
  4713 | D:4      | Killed Natasha
  4751 | D:4      | Noticed Blork the orc
  5106 | D:4      | Noticed Ijyb
  5351 | D:4      | Killed Blork the orc
  5352 | D:4      | Reached skill level 5 in Fighting
  5655 | D:4      | Noticed Natasha
  5663 | D:4      | Killed Natasha
  5716 | D:4      | Reached skill level 4 in Armour
  5921 | D:4      | Reached XP level 8. HP: 40/62 MP: 8/8
  6144 | D:4      | Reached skill level 6 in Slings
  6532 | D:4      | Noticed Natasha
  6538 | D:4      | Killed Natasha
  6624 | D:3      | Killed Ijyb
  6920 | D:5      | Entered Level 5 of the Dungeon
  7398 | D:5      | Reached skill level 3 in Dodging
  7901 | D:4      | Reached skill level 6 in Fighting
  7901 | D:4      | Reached skill level 5 in Armour
  8056 | D:5      | Identified a +0 robe of the Archmagi
  8217 | D:5      | Reached XP level 9. HP: 45/69 MP: 9/9
  8453 | D:5      | Reached skill level 4 in Dodging
  8457 | D:5      | Reached skill level 7 in Slings
  9234 | D:6      | Found a staircase to the Ecumenical Temple.
  9250 | Temple   | Entered the Ecumenical Temple
  9259 | Temple   | Became a worshipper of Gozag Ym Sagoz the Greedy
  9964 | D:6      | Reached skill level 2 in Staves
  9964 | D:6      | Reached skill level 6 in Armour
  9993 | D:5      | Reached skill level 1 in Evocations
 10078 | D:5      | Reached skill level 7 in Fighting
 10894 | D:7      | Reached skill level 2 in Evocations
 11441 | D:7      | Reached skill level 3 in Staves
 11752 | D:7      | Reached XP level 10. HP: 43/79 MP: 10/10
 11948 | D:7      | HP: 3/79 [wyvern (5)]
 12311 | D:7      | Reached skill level 3 in Evocations
 13112 | D:7      | Reached skill level 4 in Staves
 13244 | D:7      | Reached skill level 7 in Armour
 13513 | D:7      | Found a sparkling altar of Nemelex Xobeh.
 13612 | D:8      | Noticed a kobold demonologist
 13616 | D:8      | Noticed a soul eater
 13620 | D:8      | Noticed a two-headed ogre
 13684 | D:8      | Noticed Pikel
 13913 | D:7      | Killed Pikel
 13914 | D:7      | Reached skill level 8 in Fighting
 13914 | D:7      | Reached skill level 4 in Evocations
 14234 | D:8      | Noticed a sixfirhy
 14299 | D:7      | Killed a kobold demonologist
 14303 | D:7      | Identified a scroll of acquirement
 14304 | D:7      | Acquired the ring of Seps {rElec rPois Stlth+}
 14442 | D:8      | Found a white marble altar of Elyvilon.
 14602 | D:8      | Killed a two-headed ogre
 14603 | D:8      | Reached skill level 5 in Staves
 14777 | D:8      | Noticed a gargoyle
 14977 | D:8      | Noticed a manticore
 14982 | D:8      | Noticed a harpy
 14982 | D:8      | a hornet changed into a harpy
 15023 | D:8      | Noticed a green ugly thing
 15025 | D:8      | Noticed a centaur warrior
 15026 | D:8      | Noticed an eight-headed hydra
 15036 | D:8      | Noticed a cyclops
 15043 | D:8      | Noticed a salamander
 15043 | D:8      | a yak changed into a salamander
 15046 | D:8      | a salamander changed into a raiju
 15049 | D:8      | Noticed a black mamba
 15049 | D:8      | a raiju changed into a black mamba
 15179 | D:8      | Noticed a bunyip
 15763 | D:9      | Reached XP level 11. HP: 87/87 MP: 11/11
 15801 | D:8      | Reached skill level 5 in Evocations
 16479 | D:9      | Reached skill level 8 in Armour
 16790 | D:9      | Found a sacrificial altar of Ru.
 17578 | D:9      | Found a stormy altar of Qazlal.
 17678 | D:10     | Entered Level 10 of the Dungeon
 17836 | D:10     | Reached skill level 6 in Staves
 17851 | D:9      | Reached skill level 9 in Fighting
 18083 | D:10     | Found a staircase to the Lair.
 18696 | D:10     | Found Lulef's Book Shop.
 19216 | D:10     | Noticed a two-headed ogre
 19265 | D:10     | Killed a two-headed ogre
 19266 | D:10     | Reached skill level 6 in Evocations
 20357 | Lair:1   | Entered Level 1 of the Lair of Beasts
 20419 | Lair:1   | Identified the +2 pair of gloves of Pinu {Int+2}
 20612 | Lair:1   | Upgraded the game from 0.28-a0-1613-gdaab1c2f9b to
                  | 0.28-a0-1624-g820543e53a
 20730 | Lair:1   | Noticed a six-headed hydra
 20801 | Lair:1   | Reached skill level 9 in Armour
 21093 | Lair:1   | Killed a six-headed hydra
 21094 | Lair:1   | Reached skill level 7 in Staves
 21422 | Lair:1   | Reached XP level 12. HP: 97/97 MP: 12/12
 21463 | Lair:1   | Reached skill level 7 in Evocations
 21753 | Lair:1   | Reached skill level 10 in Fighting
 22137 | Lair:2   | Noticed a seven-headed hydra
 22553 | Lair:2   | Found a staircase to the Snake Pit.
 22773 | Lair:2   | Noticed Harold
 22787 | Lair:2   | Killed Harold
 22788 | Lair:2   | Reached skill level 5 in Dodging
 22832 | Lair:2   | Killed a seven-headed hydra
 22833 | Lair:2   | Reached skill level 8 in Staves
 23191 | Lair:2   | Reached skill level 10 in Armour
 24186 | Lair:2   | Noticed a four-headed hydra
 24229 | Lair:2   | Killed a four-headed hydra
 24701 | Lair:2   | Noticed a seven-headed hydra
 24712 | Lair:2   | Killed a seven-headed hydra
 24713 | Lair:2   | Reached skill level 6 in Dodging
 24827 | Lair:2   | Found a staircase to the Swamp.
 25210 | Lair:3   | Reached XP level 13. HP: 105/105 MP: 13/13
 25359 | Lair:3   | Reached skill level 11 in Fighting
 25820 | Lair:3   | Noticed a six-headed hydra
 25847 | Lair:2   | Reached skill level 9 in Staves
 26537 | Lair:3   | Killed a six-headed hydra
 27374 | Lair:4   | Reached skill level 7 in Dodging
 27754 | Lair:4   | Reached skill level 11 in Armour
 27925 | Lair:4   | Noticed Kirke
 28125 | Lair:4   | Noticed a five-headed hydra
 28153 | Lair:3   | Killed a five-headed hydra
 28538 | Lair:4   | Killed Kirke
 28902 | Lair:4   | Noticed Josephine
 29340 | Lair:4   | Killed Josephine
 30424 | Lair:5   | Noticed a four-headed hydra
 30455 | Lair:5   | Killed a four-headed hydra
 30644 | Lair:5   | Found the +2 hat of the Bear Spirit {Spirit, *Rage Will++}
 30710 | Lair:5   | Noticed an eight-headed hydra
 30832 | Lair:5   | Reached skill level 10 in Staves
 31203 | Lair:5   | Reached skill level 8 in Dodging
 31597 | Lair:5   | Reached skill level 12 in Fighting
 31699 | Lair:5   | HP: 10/108 [eight-headed hydra (1)]
 31699 | Lair:5   | HP: 1/108 [eight-headed hydra (9)]
 31699 | Lair:5   | Slain by an eight-headed hydra

Vanquished Creatures
  Kirke (Lair:4)
  Josephine (Lair:4)
  7 hydras
  Harold (Lair:2)
  A death yak (Lair:5)
  2 two-headed ogres
  Pikel (D:7)
  7 black mambas
  8 cane toads
  A gargoyle (D:11)
  3 komodo dragons
  A kobold demonologist (D:7)
  A rime drake (Lair:1)
  A troll (D:9)
  2 polar bears
  A tyrant leech (Lair:2)
  Grinder (D:3)
  A meliai zombie (D:10)
  6 dream sheep (Lair:4)
  A shadow (D:9)
  11 yaks
  4 wyverns
  4 basilisks
  4 wraiths (Lair:4)
  3 hogs
  3 swamp worms (Lair:2)
  27 water moccasins
  3 nagas (Lair:2)
  2 ice beasts
  A sky beast (D:5)
  10 orc warriors
  3 black bears
  6 ogres
  3 centaurs (D:10)
  2 lemures (D:7)
  7 wolves
  2 phantoms (D:5)
  2 kobold brigands
  14 bullfrogs
  Blork the orc (D:4)
  4 scorpions
  A wyvern skeleton (D:7)
  6 killer bees (D:7)
  4 wights (D:9)
  6 electric eels
  5 howler monkeys
  3 centaur zombies
  A jelly (D:7)
  A gnoll shaman (D:10)
  9 hounds
  10 orc priests
  A centaur skeleton (D:5)
  6 iguanas
  14 orc wizards
  Natasha (thrice) (D:4)
  Ijyb (D:3)
  A hound skeleton (D:4)
  2 howler monkey zombies
  17 gnolls
  Robin (D:3)
  26 adders
  2 shadow imps (D:5)
  A white imp (D:7)
  2 ufetubi
  2 worms (D:2)
  2 dart slugs
  45 orcs
  10 endoplasms
  2 giant cockroaches
  13 goblins
  8 hobgoblins
  3 jackals (D:4)
  17 kobolds
  5 quokkas
  9 ball pythons
  4 bats
  7 frilled lizards
  7 rats
421 creatures vanquished.

Vanquished Creatures (collateral kills)
  6 kobolds (D:7)
6 creatures vanquished.

Vanquished Creatures (others)
  A komodo dragon (Lair:2)
  A human (Lair:4)
  A demonic plant (D:1)
  65 fungi
  71 plants
139 creatures vanquished.

Grand Total: 566 creatures vanquished

Table legend: (Time is in decaauts)
 A = Elapsed time spent in this place.
 B = Non-inter-level travel time spent in this place.
 C = Inter-level travel time spent in this place.
 D = Time resting spent in this place.
 E = Time spent auto-exploring this place.
 F = Levels seen in this place.
 G = Mean time per level.
                   A        B        C        D        E       F      G
               +--------+--------+--------+--------+--------+-----+--------+
         Total |  31691 |  30630 |   1061 |  13767 |   8732 |  17 | 1864.2 |
       Dungeon |  20288 |  19605 |    683 |   8981 |   5186 |  11 | 1844.4 |
        Temple |     18 |     10 |      8 |      0 |      1 |   1 |   18.0 |
          Lair |  11384 |  11014 |    370 |   4785 |   3545 |   5 | 2276.8 |
               +--------+--------+--------+--------+--------+-----+--------+

Top non-repeatable levels by time:
     D:7: 2837 daAuts
  Lair:4: 2724 daAuts
     D:4: 2685 daAuts
  Lair:2: 2665 daAuts
  Lair:3: 2361 daAuts
    D:10: 2274 daAuts
  Lair:1: 2257 daAuts
     D:9: 2248 daAuts
     D:5: 1918 daAuts
     D:6: 1744 daAuts
     D:1: 1715 daAuts
     D:8: 1688 daAuts
     D:3: 1659 daAuts
     D:2: 1434 daAuts
  Lair:5: 1375 daAuts

Table legend:
 A = Non-vault XP
 B = Vault XP
 C = Vault XP percentage of total XP
 D = Non-vault monster count
 E = Vault monster count
 F = Vault count percentage of total count
                 A         B        C        D         E       F
            +---------+---------+-------+---------+---------+-------
      Total |   28703 |   16304 |  36.2 |     306 |     119 |  28.0
            +---------+---------+-------+---------+---------+-------
        D:1 |      35 |       8 |  18.6 |      21 |       5 |  19.2
        D:2 |      61 |      60 |  49.6 |      19 |      10 |  34.5
        D:3 |     141 |     316 |  69.1 |      21 |      13 |  38.2
        D:4 |     541 |     238 |  30.6 |      34 |       3 |   8.1
        D:5 |    1057 |     369 |  25.9 |      23 |       6 |  20.7
        D:6 |     689 |      87 |  11.2 |      12 |       2 |  14.3
        D:7 |    1654 |     803 |  32.7 |      35 |       3 |   7.9
        D:8 |    1683 |       0 |   0.0 |      27 |       0 |   0.0
        D:9 |    1179 |     560 |  32.2 |      24 |       5 |  17.2
       D:10 |    1778 |     971 |  35.3 |      18 |       8 |  30.8
       D:11 |     397 |       0 |   0.0 |       1 |       0 |   0.0
     Lair:1 |    3202 |    2258 |  41.4 |      10 |      31 |  75.6
     Lair:2 |    3442 |    4084 |  54.3 |      15 |      12 |  44.4
     Lair:3 |    3605 |    2431 |  40.3 |      13 |       8 |  38.1
     Lair:4 |    3551 |    3542 |  49.9 |      16 |       8 |  33.3
     Lair:5 |    5688 |     577 |   9.2 |      17 |       5 |  22.7
            +---------+---------+-------+---------+---------+-------
